 Dungeon Crawl Stone Soup version 0.28.0 (webtiles) character file.

Game seed: 1161645963478312090

2265 Illumine the Grappler (level 9, -7/89 HPs)
             Began as a Troll Cinder Acolyte on May 25, 2022.
             Was an Elder of Ignis.
             Mangled by a wolf (9 damage)
             ... led by Grum
             ... on level 8 of the Dungeon.
             The game lasted 00:07:46 (5114 turns).

Illumine the Grappler (Troll Cinder Acolyte)        Turns: 5114, Time: 00:07:47

Health: -7/89      AC:  5    Str: 35    XL:     9   Next: 16%
Magic:  9/9        EV: 10    Int: 10    God:    Ignis [****..]
Gold:   324        SH:  0    Dex:  7    Spells: 8/10 levels left

rFire   + . .      SeeInvis .     - Unarmed
rCold   . . .      Faith    .   (no shield)
rNeg    . . .      Spirit   .   r - +1 robe of Polish {Str+3 Slay+3 Archmagi}
rPois   .          Reflect  .   (helmet restricted)
rElec   .          Harm     .   (no cloak)
rCorr   .          Rampage  .   (gloves unavailable)
Will    +....      Archmagi +   (boots unavailable)
Stlth   +.........              (no amulet)
HPRegen 1.04/turn               i - ring of willpower
MPRegen 0.11/turn               j - +6 ring of strength

@: no status effects
A: large, unfitting armour, claws 3, regeneration 1, shaggy fur 1, tough skin 1
a: Renounce Religion, Fiery Armour, Foxfire Swarm, Rising Flame


You were on level 8 of the Dungeon.
You worshipped Ignis.
Ignis was greatly pleased with you.
You visited 2 branches of the dungeon, and saw 9 of its levels.

You collected 324 gold pieces.

Inventory:

Armour
 r - the +1 robe of Polish (worn) {Str+3 Slay+3 Archmagi}
   (You found it on level 6 of the Dungeon)

   Str:       It affects your strength (+3).
   Slay:      It affects your accuracy & damage with ranged weapons and melee
   (+3).
   Archmagi:  It increases the power of your magical spells.
Jewellery
 i - a ring of willpower (left claw)
 j - a +6 ring of strength (right claw)
Wands
 g - a wand of digging (6)
Scrolls
 b - 5 scrolls of identify {unknown}
 c - 2 scrolls of summoning {unknown}
 d - a scroll of enchant armour {unknown}
 n - a scroll of fear {unknown}
 o - a scroll of blinking {unknown}
 p - a scroll of amnesia {unknown}
Potions
 e - a potion of degeneration {unknown}
 f - 3 potions of attraction {unknown}
 h - 3 potions of mutation {unknown}
 k - 3 potions of ambrosia {unknown}
 l - 2 potions of curing {unknown}
 m - a potion of heal wounds {unknown}
 q - a potion of invisibility {unknown}


   Skills:
 + Level 5.9 Fighting
 + Level 3.7 Dodging
 * Level 9.7 Unarmed Combat
 - Level 1.0 Spellcasting
 + Level 2.3 Fire Magic


You had 8 spell levels left.
You knew the following spells:

 Your Spells              Type           Power      Damage    Failure   Level
a - Scorch                Fire           14%        2d5       21%         2

Your spell library contained the following spells:

 Spells                   Type           Power      Damage    Failure   Level
 Apportation              Tloc           0%         N/A       34%         1
 Shock                    Conj/Air       0%         1d3       34%         1
 Ensorcelled Hibernation  Hex/Ice        0%         N/A       45%         2
 Passwall                 Tmut/Erth      0%         N/A       45%         2
 Call Canine Familiar     Summ           0%         N/A       71%         3
 Gell's Gravitas          Tloc           0%         N/A       71%         3
 Lesser Beckoning         Tloc           0%         N/A       71%         3
 Ozocubu's Armour         Ice            0%         N/A       71%         3
 Portal Projectile        Hex/Tloc       0%         N/A       71%         3
 Swiftness                Air            0%         N/A       71%         3
 Teleport Other           Tloc           0%         N/A       71%         3
 Airstrike                Air            0%         N/A       98%         4
 Leda's Liquefaction      Hex/Erth       0%         N/A       98%         4
 Alistair's Intoxication  Tmut/Pois      0%         N/A       100%        5
 Metabolic Englaciation   Hex/Ice        0%         N/A       100%        5
 Summon Forest            Summ/Tloc      0%         N/A       100%        5
 Summon Mana Viper        Hex/Summ       0%         N/A       100%        5
 Simulacrum               Ice/Necr       0%         N/A       100%        6
 Summon Cactus Giant      Summ           0%         N/A       100%        6


Dungeon Overview and Level Annotations

Branches:
Dungeon (8/15)             Temple (1/1) D:5
   Lair: D:8-11

Altars:
Elyvilon
Hepliaklqana
Kikubaaqudgha
Makhleb
Nemelex Xobeh
Okawaru
Ru
Sif Muna
Vehumet
Wu Jian
Xom
Zin
The Shining One

Shops:
D:2 =

Annotations:
D:8 Grum


Innate Abilities, Weirdness & Mutations

You are too large for most types of armour.
You have claws for hands.
Your natural rate of healing is unusually fast.
You are covered in fur. (AC +1)
You have tough skin. (AC +1)


Message History

You open the door.
Grum and a wolf come into view.
Grum is wielding a +0 spear of freezing.
Grum growls angrily.
The wolf howls!
You hear a howl!
A wolf comes into view.
The wolf howls!
You mangle the wolf!!
The wolf is almost dead.
The wolf bites you but does no damage. The wolf closely misses you.
You miss the wolf.
The wolf is almost dead.
Grum hits you from afar with a +0 spear of freezing!
Grum freezes you. The wolf bites you but does no damage.
You mangle the wolf!!
You kill the wolf!
Grum hits you from afar with a +0 spear of freezing!
Grum freezes you! The wolf bites you!
You miss the wolf. The wolf closely misses you.
Grum hits you from afar with a +0 spear of freezing!
Grum freezes you. The wolf bites you but does no damage.
The wolf bites you but does no damage. The wolf bites you. The wolf bites you!
* * * LOW HITPOINT WARNING * * *
The wolf bites you.
* * * LOW HITPOINT WARNING * * *
The wolf bites you!
* * * LOW HITPOINT WARNING * * *
The wolf bites you but does no damage. The wolf bites you but does no damage.
There is a stone staircase leading up here.
The wolf misses you.
Grum hits you from afar with a +0 spear of freezing!
* * * LOW HITPOINT WARNING * * *
Grum freezes you.
* * * LOW HITPOINT WARNING * * *
The wolf bites you!
You die...

#.#
#.#
#.#
#.#
#.#
#.#
#g#
#h#
#@#
###


You could see Grum and a wolf.

Vanquished Creatures
  Sigmund (D:2)
  Edmund (D:4)
  An acid dragon (D:5)
  2 sky beasts
  3 ice beasts
  A wolf (D:8)
  2 necrophages (D:6)
  2 ogres (D:5)
  A phantom (D:5)
  A gnoll sergeant (D:6)
  2 scorpions
  A wyvern skeleton (D:5)
  3 wights (D:6)
  A hound (D:6)
  2 orc priests (D:3)
  A centaur zombie (D:5)
  2 jellies (D:7)
  Terence (D:3)
  3 iguanas
  2 orc wizards (D:5)
  7 gnolls (D:6)
  8 adders
  2 ufetubi
  2 worms
  A dart slug (D:2)
  10 orcs
  5 ball pythons
  13 endoplasms
  10 giant cockroaches
  13 hobgoblins
  9 jackals
  4 kobolds
  A quokka (D:1)
  4 bats
  A frilled lizard (D:1)
  3 goblins
  4 rats
130 creatures vanquished.

Vanquished Creatures (others)
  64 foxfires
  3 plants (D:3)
67 creatures vanquished.

Grand Total: 197 creatures vanquished

Notes
Turn   | Place    | Note
-------+----------+-------------------------------------------
     0 | D:1      | Illumine the Troll Cinder Acolyte began the quest for the
                  | Orb.
     0 | D:1      | Reached XP level 1. HP: 22/22 MP: 1/1
   183 | D:1      | You fall into a shaft and drop 1 floor!
   192 | D:2      | Reached XP level 2. HP: 21/29 MP: 2/2
   300 | D:1      | Found a faded altar of an unknown god.
   784 | D:2      | Noticed Sigmund
   813 | D:1      | Reached XP level 3. HP: 25/36 MP: 3/3
   851 | D:2      | Reached skill level 4 in Unarmed Combat
   868 | D:2      | Killed Sigmund
   869 | D:2      | Reached skill level 5 in Unarmed Combat
   869 | D:2      | Reached XP level 4. HP: 45/45 MP: 4/4
   869 | D:2      | Reached XP level 5. HP: 53/53 MP: 5/5
  1050 | D:2      | Found Foacaz's Jewellery Emporium.
  1219 | D:3      | Reached XP level 6. HP: 47/62 MP: 6/6
  1308 | D:3      | Reached skill level 6 in Unarmed Combat
  1353 | D:3      | Identified the +1 leather armour of the Fife {rElec rPois}
  1362 | D:3      | Noticed Terence
  1387 | D:3      | Killed Terence
  1900 | D:4      | Noticed Edmund
  1909 | D:4      | Killed Edmund
  2002 | D:4      | Reached XP level 7. HP: 70/70 MP: 7/7
  2442 | D:5      | Entered Level 5 of the Dungeon
  2494 | D:5      | Found a staircase to the Ecumenical Temple.
  2508 | D:5      | Reached skill level 7 in Unarmed Combat
  2571 | D:5      | Reached skill level 1 in Dodging
  2929 | D:5      | Reached XP level 8. HP: 79/79 MP: 8/8
  2984 | D:5      | Reached skill level 5 in Fighting
  2984 | D:5      | Reached skill level 8 in Unarmed Combat
  3213 | Temple   | Entered the Ecumenical Temple
  3497 | D:6      | Identified the +1 robe of Polish {Str+3 Slay+3 Archmagi}
  3513 | D:6      | Learned a level 2 spell: Scorch
  3824 | D:6      | Reached skill level 9 in Unarmed Combat
  4180 | D:5      | Reached XP level 9. HP: 75/85 MP: 9/9
  4557 | D:7      | Found a shimmering blue altar of Sif Muna.
  5097 | D:8      | Noticed Grum
  5114 | D:8      | HP: 2/89 [Grum (3)]
  5114 | D:8      | Mangled by a wolf

Illustrated notes

Levels and vault maps discovered:
D:1:      mrwooster_arrival_statue, layout_loops_ring, basic_ecumenical_altar,
          hangedman_decor_diamond_cutter
D:2:      minmay_roachtagon, layout_rooms, serial_shops,
          nicolae_shop_behind_doors, minmay_misc_feat_columns, uniq_sigmund
D:3:      layout_loops_ring, serial_bayou_pond_b, uniq_terence
D:4:      layout_basic, uniq_edmund
D:5:      layout_gridville, minmay_temple_entry_gardened_gates
D:6:      layout_gridville
D:7:      layout_cave_pods, kennysheep_little_box, hex_medium
D:8:      layout_basic, erik_lair_dragon, hangedman_minor_gate_pass, uniq_grum
Temple:   dpeg_three_leaves_temple

Skill      XL: |  1  2  3  4  5  6  7  8 |
---------------+-------------------------+-----
Unarmed Combat | 5 6 7 9 |  9.7
Fighting       | 3 4 5 |  5.9
Dodging        | 1 3 |  3.7
Spellcasting   | |  1.0
Fire Magic     | |  2.3

Action                   |  1- 3 |  4- 6 |  7- 9 || total
-------------------------+-------+-------+-------++-------
Melee: Unarmed           |    78 |   109 |   156 ||   343
       Punch             |     1 |     1 |     8 ||    10
 Cast: Scorch            |       |       |    17 ||    17
Invok: Foxfire Swarm     |     1 |     1 |     1 ||     3
Armor: Robe              |    51 |    35 |    34 ||   120
Dodge: Dodged            |    35 |    43 |    64 ||   142
